 Dungeon Crawl Stone Soup version 0.23.2-1-ga50397a6bc (webtiles) character file.

Game seed: 15295248183077232644

491 Marnok the Chopper (level 6, 0/48 HPs)
             Began as a Demonspawn Fighter on Apr 21, 2019.
             Slain by a slave (3 damage)
             ... led by Pikel
             ... on level 4 of the Dungeon.
             The game lasted 00:09:09 (2794 turns).

Marnok the Chopper (Demonspawn Fighter)             Turns: 2794, Time: 00:09:10

Health: 0/48       AC: 12    Str: 17 (18) XL:     6   Next: 91%
Magic:  6/6        EV: 14    Int:  7 (10) God:
Gold:   211        SH: 10    Dex: 15 (17) Spells: 5/5 levels left

rFire    + . .     SeeInvis .   a - +0 war axe
rCold    + + .     Gourm    .   c - +1 shield
rNeg     + . .     Faith    .   u - +1 ring mail {rC+}
rPois    +         Spirit   .   o - +0 helmet
rElec    .         Reflect  .   (no cloak)
rCorr    .         Harm     +   (no gloves)
MR       .....                  r - +0 pair of boots
Stlth    ++........             g - amulet of harm
HPRegen  0.16/turn              h - ring of protection from cold
MPRegen  0.10/turn              j - ring of positive energy

@: agile, about to teleport, flying
A: thin metallic scales 2, fire resistance 1, poison resistance, powered by
death 1, powered by pain 1, evolution 1
a: no special abilities


You were on level 4 of the Dungeon.
You were hungry.

You visited 1 branch of the dungeon, and saw 4 of its levels.

You collected 211 gold pieces.

Inventory:

Hand Weapons
 a - a +0 war axe (weapon)
 n - a +2 falchion of pain
Armour
 b - a +0 scale mail
 c - a +1 shield (worn)
 o - a +0 helmet (worn)
 r - a +0 pair of boots (worn)
 u - a +1 ring mail of cold resistance (worn)
Jewellery
 g - an amulet of harm (around neck)
 h - a ring of protection from cold (left hand)
 j - a ring of positive energy (right hand)
Scrolls
 e - 2 scrolls of identify
 i - 2 scrolls of teleportation
 k - a scroll of enchant weapon {unknown}
 p - 2 scrolls of remove curse
 t - a scroll of amnesia {unknown}
 v - a scroll of blinking {unknown}
Potions
 l - a potion of brilliance
Comestibles
 f - 6 rations
 w - 2 chunks of flesh


   Skills:
 + Level 3.8 Fighting
 + Level 4.6 Axes
 + Level 3.7 Armour
 + Level 1.8 Dodging
 + Level 3.9 Shields


You had 5 spell levels left.
You didn't know any spells.
Your spell library was empty.

Dungeon Overview and Level Annotations

Branches:
Dungeon (4/15)
 Temple: D:4-7

Altars:

Annotations:
D:4 Grinder, Pikel


Innate Abilities, Weirdness & Mutations

You are mostly covered in thin metallic scales. (AC +3)
You regenerate a little health from kills.
You sometimes gain a little power by taking damage.
Your flesh is heat resistant. (rF+)
Your system is resistant to poisons. (rPois)
You evolve.


Message History

You slash Pikel!
Pikel is almost dead.
You closely miss the slave. You hit the slave. You block Pikel's attack.
Grinder comes into view.
The slave hits you.
* * * LOW HITPOINT WARNING * * *
The slave hits you but does no damage. Pikel closely misses you.
Grinder moves out of view.
You feel agile all of a sudden. The slave closely misses you.
The slave hits you.
* * * LOW HITPOINT WARNING * * *
Pikel zaps a wand.
You resist with some effort.
As you read the scroll of teleportation, it crumbles to dust.
You feel strangely unstable. The slave misses you.
You block the slave's attack.
Grinder blinks!
You block Pikel's attack.
You closely miss Pikel.
Pikel is almost dead.
You closely miss the slave. x2; You block the slave's attack.
The slave misses you. You block Pikel's attack. The slave hits you.
You die...

..........#
$........
##.......§ ##.
..5... .###..
#....
......##.pp
#.....#pK#
#....p@#
..##..?.).#
.......÷))#
....#.###..##
....#.#.....#..
#.....<....$..#
#..###..###.....
. ..## ....#
##.# ...##


You could see Pikel, Grinder and 4 slaves.

Vanquished Creatures
  Sigmund (D:2)
  A hound (D:4)
  2 orc priests (D:2)
  Jessica (D:3)
  Terence (D:3)
  2 worker ants
  Robin (D:2)
  3 gnolls (D:4)
  3 adders
  A worm (D:3)
  A dart slug (D:2)
  3 leopard geckos
  2 orcs (D:2)
  3 giant cockroaches
  15 goblins
  10 hobgoblins
  2 jackals (D:3)
  5 kobolds
  A quokka (D:3)
  A ball python (D:2)
  9 bats
  5 frilled lizards
  5 rats
78 creatures vanquished.

Notes
Turn   | Place    | Note
-------+----------+-------------------------------------------
     0 | D:1      | Marnok the Demonspawn Fighter began the quest for the Orb.
     0 | D:1      | Reached XP level 1. HP: 18/18 MP: 1/1
   133 | D:1      | Gained mutation: You sometimes gain a little power by
                  | taking damage. [demonic ancestry]
   133 | D:1      | Reached XP level 2. HP: 20/24 MP: 2/2
   388 | D:1      | Reached skill level 2 in Axes
   448 | D:1      | Gained mutation: You evolve. [potion of mutation]
   448 | D:1      | Gained mutation: Your system is resistant to poisons.
                  | (rPois) [potion of mutation]
   898 | D:1      | Gained mutation: You are partially covered in thin metallic
                  | scales. (AC +2) [demonic ancestry]
   898 | D:1      | Reached XP level 3. HP: 28/29 MP: 3/3
  1307 | D:2      | Noticed Robin
  1322 | D:2      | Killed Robin
  1322 | D:2      | Gained mutation: You are mostly covered in thin metallic
                  | scales. (AC +3) [demonic ancestry]
  1322 | D:2      | Reached XP level 4. HP: 28/35 MP: 4/4
  1355 | D:2      | Reached skill level 3 in Axes
  1355 | D:2      | Reached skill level 1 in Dodging
  1355 | D:2      | Reached XP level 5. HP: 32/41 MP: 5/5
  1546 | D:2      | Noticed Sigmund
  1573 | D:2      | Killed Sigmund
  1573 | D:2      | Reached skill level 4 in Axes
  1573 | D:2      | Gained mutation: You regenerate a little health from kills.
                  | [demonic ancestry]
  1573 | D:2      | Reached XP level 6. HP: 9/48 MP: 6/6
  2059 | D:3      | Noticed Terence
  2063 | D:3      | Killed Terence
  2100 | D:3      | Noticed Jessica
  2107 | D:3      | Killed Jessica
  2174 | D:3      | Gained mutation: Your flesh is heat resistant. (rF+)
                  | [evolution]
  2765 | D:4      | Noticed Pikel
  2766 | D:4      | Noticed a slave
  2766 | D:4      | Noticed a slave
  2773 | D:4      | Noticed a slave
  2774 | D:4      | Paralysed by Pikel for 2 turns
  2782 | D:4      | Noticed a slave
  2782 | D:4      | Paralysed by Pikel for 6 turns
  2791 | D:4      | Noticed Grinder
  2794 | D:4      | Slain by a slave

Skill      XL: |  1  2  3  4  5 |
---------------+----------------+-----
Armour         | 3 |  3.7
Shields        | 3 |  3.9
Axes           | 2 3 4 |  4.6
Dodging        | 1 |  1.8
Fighting       | |  3.8

Action                   |  1- 3 |  4- 6 || total
-------------------------+-------+-------++-------
Melee: War axe           |   120 |   146 ||   266
  Use: Scroll            |     4 |     2 ||     6
       Potion            |     2 |     7 ||     9
  Eat: Chunk             |     1 |     5 ||     6
Armor: Scale mail        |    85 |    64 ||   149
       Ring mail         |       |    43 ||    43
Dodge: Dodged            |    30 |    55 ||    85
Block: Shield            |    83 |    78 ||   161
